 Dungeon Crawl Stone Soup version 0.19.0-2-gae57169 (webtiles) character file.

9933 jacquesderrida the Grappler (level 11, -11/62 HPs)
             Began as a Vine Stalker Wanderer on Nov 5, 2016.
             Was a High Priest of Okawaru.
             Mangled by a vampire (13 damage)
             ... on level 10 of the Dungeon.
             The game lasted 00:41:11 (6043 turns).

jacquesderrida the Grappler (Vine Stalker Wanderer) Turns: 6043, Time: 00:41:12

Health: -11/62     AC:  7    Str: 16    XL:     11   Next: 54%
Magic:  0/15       EV: 18    Int: 14    God:    Okawaru [*****.]
Gold:   142        SH:  6    Dex: 14    Spells: 2 memorised, 6 levels left

rFire  + + .     SeeInvis .       - Unarmed
rCold  . . .     Gourm    .     r - +1 leather armour {rF+}
rNeg   . . .     Faith    .     Q - +0 buckler
rPois  .         Spirit   +     O - +0 helmet
rElec  .         Reflect  .     (no cloak)
rCorr  .         Harm     .     (no gloves)
MR     ++...                    n - +0 pair of boots
Stlth  +++.......               N - amulet of rage
                                h - ring of protection from magic
                                g - ring of protection from fire

@: heroism, very slightly contaminated
A: fangs 3, regeneration 1, magic shield, antimagic bite, no device heal 3, rot
immunity
a: Heroism, Finesse, Renounce Religion, Evoke Berserk Rage


You were on level 10 of the Dungeon.
You worshipped Okawaru.
Okawaru was extremely pleased with you.
You were not hungry.

You visited 2 branches of the dungeon, and saw 14 of its levels.

You collected 414 gold pieces.
You spent 272 gold pieces at shops.

Inventory:

Hand Weapons
 a - the +3 longbow of Courage {freeze, +Fly Str-5 Dex+8}
   (You found it on level 5 of the Dungeon)

   It causes projectiles fired from it to freeze those they strike, causing
   extra injury to most foes and up to half again as much damage against
   particularly susceptible opponents.
   They can also slow down cold-blooded creatures.
   It affects your strength (-5).
   It affects your dexterity (+8).
   It lets you fly.
 U - a +0 blowgun
Missiles
 y - 8 tomahawks (quivered)
 z - 42 arrows
 X - 18 poisoned needles
Armour
 n - a +0 pair of boots (worn)
 r - a +1 leather armour of fire resistance (worn)
 O - a +0 helmet (worn)
 Q - a +0 buckler (worn)
 S - a +2 chain mail of poison resistance
Jewellery
 g - a ring of protection from fire (left hand)
 h - a ring of protection from magic (right hand)
 j - an uncursed amulet of guardian spirit {unknown}
 A - a +3 amulet of reflection {unknown}
 N - an amulet of rage (around neck)
 W - an uncursed ring of poison resistance {unknown}
Wands
 b - a wand of random effects (6/48)
 d - a wand of lightning (5/15)
 m - a wand of digging (10/24)
 K - a wand of flame (31/48)
 R - a wand of slowing (34/48)
 T - a wand of disintegration (17/24)
Scrolls
 e - a scroll of immolation
 i - 2 scrolls of recharging
 l - a scroll of amnesia
 p - 4 scrolls of remove curse
 q - a scroll of fog
 v - a scroll of enchant armour
 w - 6 scrolls of teleportation
 x - a scroll of vulnerability
 D - 3 scrolls of magic mapping
Potions
 c - 6 potions of curing
 s - a potion of haste
 t - 3 potions of brilliance
 u - 2 potions of heal wounds
 B - a potion of invisibility
 C - a potion of resistance
 E - a potion of flight
 F - a potion of magic
 G - 2 potions of cure mutation
 L - a potion of lignification {unknown}
 M - a potion of ambrosia
Books
 o - a book of Misfortune

   Spells                             Type                      Level
   a - Confusing Touch                Hexes                        1
   b - Confuse                        Hexes                        3
   c - Gell's Gravitas                Hexes/Translocation          3
   d - Petrify                        Transmutation/Earth          4
   e - Metabolic Englaciation         Hexes/Ice                    5
   f - Yara's Violent Unravelling     Hexes/Transmutation          5
 H - a book of Minor Magic

   Spells                             Type                      Level
   a - Magic Dart                     Conjuration                  1
   b - Blink                          Translocation                2
   c - Call Imp                       Summoning                    2
   d - Repel Missiles                 Charms/Air                   2
   e - Slow                           Hexes                        2
   f - Conjure Flame                  Conjuration/Fire             3
   g - Mephitic Cloud                 Conjuration/Poison/Air       3
Miscellaneous
 P - a fan of gales (inert)
Comestibles
 f - 4 bread rations
 k - 4 meat rations
 I - 10 fruits


   Skills:
 + Level 9.3(14.3) Fighting
   Level 1.0(6.5) Polearms
   Level 1.7(6.9) Staves
 + Level 4.7(9.7) Dodging
 - Level 1.2(6.2) Stealth
 - Level 4.9(9.9) Shields
 + Level 11.5(16.5) Unarmed Combat
 - Level 5.1 Invocations
 - Level 1.0 Evocations


You had 6 spell levels left.
You knew the following spells:

 Your Spells              Type           Power        Failure   Level  Hunger
b - Blink                 Tloc           N/A          54%         2    ###....
m - Repel Missiles        Chrm/Air       #.....       54%         2    ###....


Dungeon Overview and Level Annotations

Branches:
Dungeon (13/15)            Temple (1/1) D:6             Orc (0/2) D:12
   Lair: D:8-11      Vaults: D:13-14

Altars:
Ashenzari
Cheibriados
Dithmenos
Elyvilon
Fedhas
Hepliaklqana
Kikubaaqudgha
Makhleb
Okawaru
Qazlal
Sif Muna
Trog
Vehumet
Yredelemnul
Zin
Beogh

Shops:
D:5 }*   D:8 =   D:10 ?

Portals:
Trove: D:12 (give 17 scrolls of teleportation)

Annotations:
D:13 UnlimitedFusion's ghost, journeyman MiFi


Innate Abilities, Weirdness & Mutations

You have razor-sharp teeth.
Your natural rate of healing is unusually fast.
When hurt, damage is shared between your health and your magic reserves.
Your bite disrupts and absorbs the magic of your enemies.
Potions and wands cannot restore your health.
You are immune to rotting.


Message History

Evoke which item? (* to show all) (? for menu, Esc to quit)
Aiming: Phantom Mirror
Press: ? - help, Dir - move target cursor, f - vampire
Aim: a vampire You reflect the vampire with the mirror, and the mirror shatters!
The vampire hits you.
* * * LOW HITPOINT WARNING * * *
You block the vampire's attack.
The centaur shoots an arrow.
The arrow hits your vampire.
Your vampire hits the centaur.
Your vampire bites the centaur.
Your vampire draws strength from the centaur's injuries!
The centaur shoots an arrow.
The arrow barely misses your vampire. The arrow closely misses you.
Your vampire says, "jacquesderrida, I like you."
Your vampire hits the centaur but does no damage.
Your vampire bites the centaur but does no damage.
The centaur shoots an arrow.
The arrow hits your vampire but does no damage.
The vampire hits you!
You die...

##################
...................
......##..#c.#..#
.........(..(#@.##...
###....###'###VV........
..#..#.#.....#>...(.....
#'#....#.(####.......... ....#
.......#..'....##...#..##.....#
##...#.#..#(#..##.............#..
.......####c........(............
#.<....................###.......
#.#......c...##........#.#.#..#..


You could see a vampire and a friendly vampire.

Vanquished Creatures
  4 hill giants
  2 manticores
  2 cyclopes
  An ugly thing (D:11)
  A gargoyle (D:12)
  A kobold demonologist (D:11)
  A two-headed ogre (D:12)
  A troll (D:10)
  Sigmund (D:4)
  3 yaks (D:10)
  A wraith (D:12)
  4 orc warriors
  A phantom (D:9)
  A swamp drake (D:8)
  A sky beast (D:11)
  3 ogres
  A necrophage (D:6)
  3 centaurs
  A crocodile (D:12)
  5 big kobolds
  8 bullfrogs
  2 scorpions
  A killer bee (D:8)
  9 wights
  3 crimson imps
  2 centaur zombies
  4 jellies
  5 orc priests
  A bullfrog skeleton (D:10)
  4 hounds
  2 centaur skeletons (D:12)
  2 iguanas
  Jessica (D:3)
  11 orc wizards
  7 worker ants
  4 gnolls (D:7)
  6 adders
  5 shadow imps
  2 worms
  A dart slug (D:3)
  7 leopard geckos
  33 orcs
  2 goblins
  5 hobgoblins
  10 jackals
  20 kobolds
  2 quokkas
  12 bats
  3 frilled lizards
  A leopard gecko zombie (D:7)
  2 rats (D:1)
215 creatures vanquished.

Vanquished Creatures (others)
  A vampire (D:11)
1 creature vanquished.

Grand Total: 216 creatures vanquished

Notes
Turn   | Place    | Note
-------+----------+-------------------------------------------
     0 | D:1      | jacquesderrida the Vine Stalker Wanderer began the quest for the Orb.
     0 | D:1      | jacquesderrida set off with: a +2 spear, a +0 falchion, a potion of curing, a +0 robe, a bread ration
     0 | D:1      | Reached XP level 1. HP: 11/11 MP: 2/2
   119 | D:1      | Reached skill level 1 in Unarmed Combat
   119 | D:1      | Reached XP level 2. HP: 15/15 MP: 3/3
   207 | D:2      | Found a faded altar of an unknown god.
   207 | D:2      | Found a faded altar of an unknown god.
   212 | D:2      | Found a snail-covered altar of Cheibriados.
   214 | D:2      | Found a faded altar of an unknown god.
   217 | D:2      | Found a faded altar of an unknown god.
   280 | D:2      | Reached XP level 3. HP: 7/19 MP: 2/4
   406 | D:3      | Reached skill level 2 in Unarmed Combat
   458 | D:3      | Noticed Jessica
   466 | D:3      | Killed Jessica
   466 | D:3      | Gained mutation: Your natural rate of healing is unusually fast. [Vine Stalker growth]
   466 | D:3      | Reached XP level 4. HP: 4/23 MP: 2/5
   640 | D:2      | Reached skill level 3 in Unarmed Combat
   704 | D:2      | Found a basalt altar of Yredelemnul.
   777 | D:4      | Noticed a big kobold
   794 | D:4      | Killed a big kobold
   794 | D:4      | Reached XP level 5. HP: 20/28 MP: 3/6
   826 | D:4      | Reached skill level 4 in Unarmed Combat
   838 | D:4      | Found a hazy altar of Hepliaklqana.
   916 | D:4      | Reached XP level 6. HP: 23/32 MP: 5/7
  1015 | D:5      | Entered Level 5 of the Dungeon
  1137 | D:5      | Reached skill level 5 in Unarmed Combat
  1207 | D:4      | Noticed Sigmund
  1226 | D:4      | Killed Sigmund
  1226 | D:4      | Reached XP level 7. HP: 25/38 MP: 8/8
  1481 | D:5      | Reached skill level 6 in Unarmed Combat
  1507 | D:5      | Found Fecogruu's Assorted Antiques.
  1550 | D:5      | Found Buwomail's Quality Used Wands.
  1632 | D:5      | Got a smoking longbow
  1633 | D:5      | Identified the +3 longbow of Courage {freeze, +Fly Str-5 Dex+8} (You found it on level 5 of the Dungeon)
  1694 | D:5      | Bought a brown potion for 28 gold pieces
  1694 | D:5      | Bought a murky ruby potion for 28 gold pieces
  1746 | D:6      | Reached skill level 5 in Fighting
  1746 | D:6      | Gained mutation: You have razor-sharp teeth. [Vine Stalker growth]
  1746 | D:6      | Reached XP level 8. HP: 30/43 MP: 5/9
  1747 | D:6      | Reached skill level 7 in Unarmed Combat
  1966 | D:7      | Found a blossoming altar of Fedhas.
  2022 | D:7      | Found a shadowy altar of Dithmenos.
  2051 | D:7      | Reached skill level 8 in Unarmed Combat
  2380 | D:6      | Found a staircase to the Ecumenical Temple.
  2386 | Temple   | Entered the Ecumenical Temple
  2416 | Temple   | Became a worshipper of Warmaster Okawaru
  2721 | D:8      | Found a deep blue altar of Sif Muna.
  2724 | D:8      | Found Odyrav's Jewellery Shop.
  2758 | D:8      | Learned a level 2 spell: Blink
  2761 | D:8      | Learned a level 2 spell: Repel Missiles
  2839 | D:8      | Reached skill level 9 in Unarmed Combat
  2839 | D:8      | Reached XP level 9. HP: 44/48 MP: 8/10
  3088 | D:9      | Reached * piety under Okawaru
  3116 | D:9      | Found a stormy altar of Qazlal.
  3125 | D:9      | Got an ivory rapier
  3126 | D:9      | Identified the +4 rapier "Zaezet Nite" {distort, rF+ rC- rN+} (You found it on level 9 of the Dungeon)
  3263 | D:9      | Found a bloodstained altar of Trog.
  3280 | D:9      | Found a burning altar of Makhleb.
  3281 | D:9      | Found a white marble altar of Elyvilon.
  3283 | D:9      | Found a shattered altar of Ashenzari.
  3364 | D:10     | Entered Level 10 of the Dungeon
  3440 | D:10     | Noticed a hill giant
  3473 | D:10     | Killed a hill giant
  3473 | D:10     | Reached ** piety under Okawaru
  3507 | D:10     | Noticed a troll
  3548 | D:10     | Killed a troll
  3548 | D:10     | Reached skill level 1 in Invocations
  3664 | D:10     | Reached skill level 10 in Unarmed Combat
  3782 | D:11     | Noticed a kobold demonologist
  3800 | D:11     | Killed a kobold demonologist
  3800 | D:11     | Reached XP level 10. HP: 48/55 MP: 12/12
  3883 | D:11     | Reached skill level 1 in Shields
  3906 | D:11     | Noticed a manticore
  3922 | D:11     | Killed a manticore
  3922 | D:11     | Reached *** piety under Okawaru
  4148 | D:11     | Noticed a brown ugly thing
  4162 | D:11     | Killed a brown ugly thing
  4366 | D:12     | Found a portal to a secret trove of treasure.
  4407 | D:12     | Found a staircase to the Orcish Mines.
  4407 | D:12     | Noticed a gargoyle
  4410 | D:12     | Noticed a manticore
  4422 | D:12     | Killed a gargoyle
  4427 | D:12     | Killed a manticore
  4461 | D:12     | Noticed a cyclops
  4469 | D:12     | Killed a cyclops
  4469 | D:12     | Reached **** piety under Okawaru
  4626 | D:12     | Found a roughly hewn altar of Beogh.
  4639 | D:12     | Reached XP level 11. HP: 60/60 MP: 15/15
  4705 | D:12     | Noticed a hill giant
  4716 | D:12     | Killed a hill giant
  4716 | D:12     | Reached skill level 11 in Unarmed Combat
  4716 | D:12     | Reached skill level 5 in Invocations
  4942 | D:13     | Noticed a skeletal warrior
  4942 | D:13     | Noticed a skeletal warrior
  4943 | D:13     | Noticed a skeletal warrior
  4990 | D:13     | Noticed UnlimitedFusion's ghost (journeyman MiFi)
  5189 | D:11     | Noticed a hill giant
  5405 | D:10     | Found Yde Usog's Magic Scroll Shop.
  5409 | D:10     | Bought a scroll of blinking for 120 gold pieces
  5409 | D:10     | Bought a scroll of identify for 32 gold pieces
  5409 | D:10     | Bought a scroll of identify for 32 gold pieces
  5409 | D:10     | Bought a scroll of identify for 32 gold pieces
  5508 | D:10     | Reached ***** piety under Okawaru
  5631 | D:10     | Killed a hill giant
  5736 | D:11     | Noticed a hill giant
  5796 | D:11     | Killed a hill giant
  5915 | D:11     | Noticed a cyclops
  5943 | D:11     | Killed a cyclops
  6040 | D:10     | HP: 2/62 [centaur/arrow (7)]
  6043 | D:10     | Mangled by a vampire

Skill      XL: |  1  2  3  4  5  6  7  8  9 10 11 |
---------------+----------------------------------+-----
Fighting       | 2 3 4 5 6 7 8 9 |  9.3
Unarmed Combat | 1 2 3 4 5 6 9 10 11 | 11.5
Dodging        | 4 |  4.7
Invocations    | 2 4 5 |  5.1
Shields        | 3 4 |  4.9
Polearms       | |  1.0
Staves         | |  1.7
Stealth        | |  1.2
Evocations     | |  1.0

Action                   |  1- 3 |  4- 6 |  7- 9 | 10-12 || total
-------------------------+-------+-------+-------+-------++-------
Melee: Spear             |    96 |   157 |    52 |       ||   305
       Bite              |     3 |    35 |    50 |   110 ||   198
       Punch             |       |     3 |     5 |       ||     8
       Unarmed           |       |       |   122 |   341 ||   463
 Fire: Longbow           |       |       |    78 |       ||    78
 Cast: Repel Missiles    |       |       |     1 |       ||     1
Invok: Heroism           |       |       |     2 |    11 ||    13
 Abil: Evoke Berserk Rag |       |       |       |     3 ||     3
Evoke: Wand              |       |       |    12 |     2 ||    14
       Fan of gales      |       |       |       |     1 ||     1
       Phantom mirror    |       |       |       |     1 ||     1
  Use: Potion            |     1 |       |     1 |       ||     2
       Scroll            |       |    11 |     7 |    10 ||    28
 Stab: Sleeping          |       |       |     2 |     2 ||     4
  Eat: Chunk             |       |       |     6 |     1 ||     7
       Bread ration      |       |       |     1 |       ||     1
       Fruit             |       |       |       |    14 ||    14
Armor: Robe              |     7 |       |       |       ||     7
       Scale mail        |    36 |    50 |       |       ||    86
       Leather armour    |       |     4 |    41 |    45 ||    90
Dodge: Dodged            |    42 |    83 |   125 |   181 ||   431
       Deflected         |       |       |     2 |     3 ||     5
Block: Buckler           |       |       |       |    61 ||    61
